 Dungeon Crawl Stone Soup version 0.29-a0-925-g0a7a3d12f8 (webtiles) character file.

Game seed: 7745419456190785658

27183 leavemydog the Severer (level 13, -9/118 HPs)
             Began as a Hill Orc Fighter on July 28, 2022.
             Was a High Priest of the Shining One.
             Killed from afar by an ice dragon (53 damage)
             ... with a blast of cold
             ... on level 13 of the Dungeon.
             The game lasted 00:44:04 (18316 turns).

leavemydog the Severer (Hill Orc Fighter)          Turns: 18316, Time: 00:44:04

Health: -9/118     AC: 14    Str: 22    XL:     13   Next: 30%
Magic:  21/21      EV: 14    Int: 10    God:    the Shining One [*****.]
Gold:   1191       SH: 18    Dex: 10    Spells: 23/23 levels left

rFire   . . .      SeeInvis .   u - +3 hand axe (venom)
rCold   . . .      Faith    .   e - +2 kite shield
rNeg    + + .      Spirit   .   N - +1 acid dragon scales
rPois   +          Reflect  +   (no helmet)
rElec   .          Harm     .   r - +2 cloak
rCorr   +          Rampage  .   (no gloves)
Will    .....                   b - +0 pair of boots
Stlth   +.........              C - amulet of reflection
HPRegen 0.29/turn               g - ring of poison resistance
MPRegen 0.17/turn               D - +4 ring of evasion

@: glowing
A: no striking features
a: Renounce Religion, Divine Shield, Cleansing Flame, Summon Divine Warrior


You were on level 13 of the Dungeon.
You worshipped the Shining One.
The Shining One was extremely pleased with you.
You visited 2 branches of the dungeon, and saw 14 of its levels.

You collected 1191 gold pieces.

Inventory:

Hand Weapons
 l - a +1 vorpal war axe
 u - a +3 hand axe of venom (weapon)
 w - the +1 dagger "Toanil" {vorpal, rPois rF+ Int+2}
   (You found it on level 5 of the Dungeon)

   It inflicts extra damage upon your enemies.
   Int:       It affects your intelligence (+2).
   rF:        It protects you from fire.
   rPois:     It protects you from poison.
 B - a +2 morningstar of protection
 X - a +2 battleaxe of flaming
Missiles
 d - a throwing net (quivered)
Armour
 b - a +0 pair of boots (worn)
 e - a +2 kite shield (worn)
 r - a +2 cloak (worn)
 N - +1 acid dragon scales (worn)
Jewellery
 a - a ring of resist corrosion
 g - a ring of poison resistance (left hand)
 i - an amulet of magic regeneration
 p - a ring of magical power
 s - a ring of fire
 C - an amulet of reflection (around neck)
 D - a +4 ring of evasion (right hand)
 O - an amulet of regeneration
 Q - a ring of wizardry
Wands
 n - a wand of mindburst (14)
 z - a wand of paralysis (15)
 K - a wand of flame (9)
 L - a wand of acid (13)
 R - a wand of roots (8)
Scrolls
 m - a scroll of teleportation
 o - 3 scrolls of fear
 q - 3 scrolls of blinking {unknown}
 t - a scroll of acquirement {unknown}
 v - 2 scrolls of noise
 x - 4 scrolls of vulnerability {unknown}
 y - a scroll of summoning {unknown}
 A - 2 scrolls of brand weapon
 E - a scroll of poison {unknown}
 F - a scroll of magic mapping {unknown}
 U - a scroll of fog {unknown}
 W - a scroll of identify
Potions
 c - 4 potions of lignification
 f - 4 potions of mutation
 h - 2 potions of attraction
 j - a potion of might
 k - a potion of brilliance
 G - 2 potions of magic
 H - 2 potions of heal wounds
 I - a potion of resistance
 J - a potion of cancellation
 P - a potion of degeneration {unknown}
 S - 3 potions of flight
 T - 3 potions of curing
 V - 2 potions of ambrosia {unknown}
Miscellaneous
 M - a lightning rod (4/4)
 Y - a phial of floods
 Z - a piece from Xom's chessboard (15/15)


   Skills:
 + Level 12.0 Fighting
 + Level 15.7 Axes
 + Level 9.3 Armour
 + Level 12.8 Shields
 * Level 5.9 Spellcasting
 - Level 4.0 Invocations


You had 23 spell levels left.
You didn't know any spells.
Your spell library contained the following spells:

 Spells                   Type           Power      Damage    Failure   Level
 Apportation              Tloc           4%         N/A       45%         1
 Beastly Appendage        Tmut           4%         N/A       45%         1
 Magic Dart               Conj           8%         1d3       45%         1
 Shock                    Conj/Air       8%         1d3       45%         1
 Sting                    Tmut/Pois      8%         1d3       45%         1
 Call Imp                 Summ           2%         N/A       58%         2
 Ensorcelled Hibernation  Hex/Ice        4%         N/A       58%         2
 Passwall                 Tmut/Erth      1%         N/A       58%         2
 Sublimation of Blood     Necr           2%         N/A       58%         2
 Wereblood                Tmut           2%         N/A       58%         2
 Frozen Ramparts          Ice            4%         1d2       83%         3
 Gell's Gravitas          Tloc           2%         N/A       83%         3
 Mephitic Cloud           Conj/Pois/Air  2%         N/A       83%         3
 Spider Form              Tmut/Pois      2%         N/A       83%         3
 Swiftness                Air            2%         N/A       83%         3
 Teleport Other           Tloc           2%         N/A       83%         3
 Ice Form                 Ice/Tmut       2%         N/A       99%         4
 Summon Ice Beast         Ice/Summ       2%         N/A       99%         4
 Fireball                 Conj/Fire      1%         3d3       100%        5
 Dispersal                Tloc           1%         N/A       100%        6
 Starburst                Conj/Fire      1%         6d3       100%        6
 Summon Hydra             Summ           1%         N/A       100%        7
 Ignition                 Fire           1%         3d3       100%        8


Dungeon Overview and Level Annotations

Branches:
Dungeon (13/15)            Temple (1/1) D:6            Lair (0/5) D:11
    Orc (0/2) D:9
 Vaults: D:13-14

Altars:
Ashenzari
Cheibriados
Dithmenos
Elyvilon
Fedhas
Gozag
Hepliaklqana
Kikubaaqudgha
Makhleb
Nemelex Xobeh
Okawaru
Qazlal
Ru
Sif Muna
Trog
Uskayaw
Vehumet
Wu Jian
Xom
Yredelemnul
Zin
The Shining One
Beogh

Shops:
D:4 (

Annotations:
D:8 3 runed translucent doors, kae's ghost, novice DsMo


Message History

You hit the ice dragon but do no damage.
The ice dragon is moderately wounded.
You hit the ice dragon but do no damage.
The ice dragon looks as sick as possible!
The ice dragon is moderately wounded.
The ice dragon breathes frost at you. The blast of cold hits you!!
You barely miss the ice dragon.
The ice dragon is moderately wounded.
The ice dragon bites you! You block the ice dragon's attack.
The ice dragon barely misses you.
You hit the ice dragon but do no damage.
The ice dragon is heavily wounded.
You hit the ice dragon but do no damage.
The ice dragon is heavily wounded.
The ice dragon bites you but does no damage.
The ice dragon claws you. The ice dragon closely misses you.
You hit the ice dragon.
The ice dragon looks as sick as possible!
The ice dragon is heavily wounded.
The ice dragon breathes frost at you. The blast of cold hits you!
You hear a shout!
You hit the ice dragon.
The ice dragon is heavily wounded.
You hit the ice dragon.
The ice dragon is heavily wounded.
The ice dragon breathes frost at you. The blast of cold hits you!!
You hear a horrible gurgling sound!
You hit the ice dragon.
The ice dragon looks as sick as possible!
The ice dragon is heavily wounded.
You block the ice dragon's attack. The ice dragon claws you.
The ice dragon misses you.
You hit the ice dragon.
The ice dragon is severely wounded.
The ice dragon breathes frost at you. The blast of cold hits you!!!
You die...

...##)## ##..###......##
..####)## #..## ####...# ###
##)###.## #...# ##.....####
#...# ######..####...###...#
.. ###..##...# #.....####..##
#..###...## ##....)..)...#
#.## ##### ##D...........#
..## ##### ##@............#
#..#####...####..............#
##...........................#
#######...................>.#
##....................# ####
#.....................#
...#####....##.............##
###
............##............##
##..
.^...........#..........##
##...


You could see an ice dragon (extremely poisoned, catching breath).

Vanquished Creatures
  A hydra (D:12)
  Erolcha (D:11)
  2 boulder beetles
  4 centaur warriors (D:13)
  3 two-headed ogres
  A tengu warrior (D:13)
  Pikel (D:6)
  2 lindwurms (D:12)
  A deep elf pyromancer (D:12)
  2 ugly things
  An oklob plant (D:11)
  2 cyclopes (D:11)
  2 manticores
  2 black mambas (D:12)
  2 gargoyles
  Maggie (D:9)
  A kobold demonologist (D:12)
  2 unseen horrors (D:13)
  An efreet (D:13)
  3 tyrant leeches
  4 trolls
  A meliai (shapeshifter) (D:13)
  A hornet (D:9)
  7 slime creatures (D:12)
  3 vampires
  A wraith (D:12)
  6 yaks
  2 wyverns
  10 vampire mosquitoes
  The ghost of sanka the Magician, an amateur MeTm of Makhleb (D:4)
  A basilisk (D:13)
  4 steam dragons
  4 acid dragons
  5 water moccasins
  2 black bears
  An ice beast (D:7)
  A sky beast (D:8)
  15 orc warriors
  2 ogres
  3 centaurs
  2 phantoms (D:5)
  2 kobold brigands
  3 scorpions
  A necrophage (D:8)
  3 bullfrogs
  10 wights
  4 killer bees (D:8)
  5 howler monkeys
  4 hounds
  6 jellies
  12 orc priests
  A gnoll bouda (D:5)
  6 iguanas
  10 orc wizards
  2 hell rats (D:12)
  8 adders
  7 gnolls
  4 river rats (D:12)
  6 shadow imps
  A white imp (D:5)
  10 worms
  3 dart slugs
  70 orcs
  10 ball pythons
  15 endoplasms
  A giant cockroach (D:2)
  2 goblins
  4 hobgoblins
  15 kobolds
  3 quokkas
  3 bats
  2 frilled lizards
  10 rats
354 creatures vanquished.

Vanquished Creatures (others)
  9 plants
9 creatures vanquished.

Grand Total: 363 creatures vanquished

Notes
Turn   | Place    | Note
-------+----------+-------------------------------------------
     0 | D:1      | leavemydog the Hill Orc Fighter began the quest for the
                  | Orb.
     0 | D:1      | Reached XP level 1. HP: 19/19 MP: 1/1
   280 | D:1      | Reached XP level 2. HP: 27/27 MP: 2/2
   458 | D:1      | Reached skill level 3 in Axes
   832 | D:1      | Found a faded altar of an unknown god.
  1068 | D:2      | Reached XP level 3. HP: 29/33 MP: 3/3
  1242 | D:2      | Reached skill level 4 in Axes
  1253 | D:2      | Reached XP level 4. HP: 15/40 MP: 4/4
  1464 | D:2      | Found a glowing golden altar of the Shining One.
  1477 | D:2      | Became a worshipper of the Shining One
  2000 | D:3      | Noticed a scorpion
  2011 | D:3      | Killed a scorpion
  2012 | D:3      | Reached skill level 5 in Axes
  2012 | D:3      | Reached XP level 5. HP: 43/46 MP: 5/5
  2389 | D:3      | Reached skill level 6 in Axes
  2684 | D:3      | Reached XP level 6. HP: 30/53 MP: 6/6
  3300 | D:4      | Found a glowing silver altar of Zin.
  3304 | D:4      | Found an ornate altar of the Wu Jian Council.
  3305 | D:4      | Found a radiant altar of Vehumet.
  3421 | D:4      | Reached skill level 7 in Axes
  3526 | D:4      | Found Mapsozogg's Weapon Boutique.
  3842 | D:4      | Noticed a black bear
  3852 | D:4      | Killed a black bear
  3853 | D:4      | Reached skill level 8 in Axes
  3853 | D:4      | Reached XP level 7. HP: 55/60 MP: 7/7
  4047 | D:4      | Found a runed translucent door.
  4047 | D:4      | Noticed sanka's ghost (amateur MeTm)
  4288 | D:5      | Entered Level 5 of the Dungeon
  4455 | D:5      | Noticed a yak
  4456 | D:5      | Noticed a yak
  4456 | D:5      | Noticed a yak
  4469 | D:5      | Killed a yak
  4470 | D:5      | Reached skill level 5 in Fighting
  4470 | D:5      | Reached skill level 9 in Axes
  4470 | D:5      | Reached skill level 5 in Armour
  4473 | D:5      | Killed a yak
  4474 | D:5      | Reached XP level 8. HP: 49/68 MP: 8/8
  4487 | D:5      | Killed a yak
  4488 | D:5      | Reached skill level 10 in Axes
  4948 | D:5      | Reached skill level 11 in Axes
  4955 | D:5      | Identified the +1 dagger "Toanil" {vorpal, rPois rF+ Int+2}
  5061 | D:5      | Reached * piety under the Shining One
  5793 | D:6      | Reached XP level 9. HP: 60/75 MP: 9/9
  5877 | D:6      | Reached skill level 12 in Axes
  5889 | D:6      | Noticed Pikel
  5902 | D:6      | Killed Pikel
  5903 | D:6      | Reached skill level 1 in Invocations
  6116 | D:6      | Reached skill level 5 in Shields
  6309 | D:6      | Found a staircase to the Ecumenical Temple.
  6318 | Temple   | Entered the Ecumenical Temple
  6374 | D:6      | Reached skill level 13 in Axes
  7662 | D:7      | Reached XP level 10. HP: 81/84 MP: 12/12
  8230 | D:8      | Found a stormy altar of Qazlal.
  8230 | D:8      | Found a broken altar of Ashenzari.
  8263 | D:8      | Reached ** piety under the Shining One
  8286 | D:8      | Reached skill level 14 in Axes
  8396 | D:8      | Found an opulent altar of Gozag.
  8628 | D:8      | Found a runed translucent gate.
  8628 | D:8      | Found a runed translucent gate.
  8628 | D:8      | Found a runed translucent gate.
  8631 | D:8      | Noticed kae's ghost (novice DsMo)
  8801 | D:8      | Reached skill level 1 in Spellcasting
  9417 | D:4      | Killed sanka's ghost
  9969 | D:9      | Reached *** piety under the Shining One
  9977 | D:9      | Found a staircase to the Orcish Mines.
 10194 | D:9      | Noticed Maggie
 10481 | D:9      | Found a shimmering blue altar of Sif Muna.
 10646 | D:9      | Paralysed by Maggie for 2 turns
 10658 | D:9      | Killed Maggie
 10899 | D:10     | Entered Level 10 of the Dungeon
 11013 | D:10     | Noticed a two-headed ogre
 11022 | D:10     | Killed a two-headed ogre
 11023 | D:10     | Reached XP level 11. HP: 58/95 MP: 13/15
 11229 | D:10     | Identified the +2 rapier of Exquisite Torment {pain,
                  | *Corrode Int+5}
 11377 | D:10     | Got Incantation, Part One
 11757 | D:10     | Found the +8 Vampire's Tooth {vamp}
 12350 | D:11     | Noticed a two-headed ogre
 12362 | D:11     | Killed a two-headed ogre
 12404 | D:11     | Noticed a cyclops
 12413 | D:11     | Killed a cyclops
 12459 | D:11     | Noticed Erolcha
 12468 | D:11     | Found a staircase to the Lair.
 12470 | D:11     | Killed Erolcha
 12470 | D:11     | Reached **** piety under the Shining One
 12526 | D:11     | Noticed an oklob plant
 12885 | D:11     | Noticed a red ugly thing
 12900 | D:11     | Killed a red ugly thing
 13102 | D:11     | Noticed a two-headed ogre
 13111 | D:11     | Killed a two-headed ogre
 13112 | D:11     | Reached skill level 10 in Shields
 13394 | D:11     | Reached skill level 10 in Fighting
 13420 | D:11     | Noticed a cyclops
 13431 | D:11     | Reached XP level 12. HP: 26/106 MP: 18/18
 13447 | D:11     | HP: 5/106 [orc priest/divine providence (10)]
 13834 | D:11     | Found a roughly hewn altar of Beogh.
 14033 | D:11     | Noticed a boulder beetle
 14047 | D:11     | Killed a boulder beetle
 14239 | D:11     | Identified the +3 plate armour of Hubris {*Slow rC+ Int+4}
 14433 | D:12     | Reached skill level 15 in Axes
 15111 | D:12     | Reached ***** piety under the Shining One
 15473 | D:12     | Reached skill level 5 in Spellcasting
 15575 | D:12     | Noticed a seven-headed hydra
 15586 | D:12     | Killed a seven-headed hydra
 16981 | D:13     | Noticed a centaur warrior
 16984 | D:13     | Killed a centaur warrior
 17069 | D:13     | Noticed a centaur warrior
 17073 | D:13     | Killed a centaur warrior
 17074 | D:13     | Reached XP level 13. HP: 116/116 MP: 21/21
 17309 | D:13     | Noticed an ice dragon
 18316 | D:13     | Killed from afar by an ice dragon

Illustrated notes

Levels and vault maps discovered:
D:1:      dpeg_arrival_simpleton_a, layout_rooms,
          shapermc_ecumenical_altar_mp_urbaneastern, serial_forest,
          infiniplex_forest_straight_4, infiniplex_forest_lined_room_2,
          infiniplex_forest_end_3, infiniplex_forest_straight_4,
          infiniplex_forest_join, infiniplex_forest_clump_medium,
          infiniplex_forest_lined_2, reono_crystal_passage
D:2:      layout_loops_ring, basic_altar, kennysheep_generic_room_5
D:3:      layout_loops_ring, minmay_close_crescents
D:4:      layout_loops_ring, grunt_temple_overflow_open, serial_shops, shop,
          ebering_ghost_sewer_d
D:5:      layout_loops_corners, supply_closet_lemuel
D:6:      layout_loops_ring, lemuel_temple_firewalk_b,
          chequers_serial_rivers_micro_c, uniq_pikel
D:7:      layout_rooms
D:8:      layout_basic, minitemple, nicolae_overflow_crystal_walls,
          gammafunk_ghost_nasty_kobolds
D:9:      layout_loops_ring, mainiacjoe_overflow_chevrons, hiddenorc2_lemuel,
          uniq_maggie
D:10:     nicolae_cairo_tiling_large_dashed, layout_basic,
          minmay_guarded_unrand_vampires_tooth
D:11:     layout_roguey [special_room_orc], dpeg_oklobed_lair, uniq_erolcha
D:12:     layout_rooms, hangedman_parallel_progression
D:13:     layout_layer_cave, minmay_mirror_moons_of_madness
Temple:   hellmonk_temple_two_chambers

Skill      XL: |  1  2  3  4  5  6  7  8  9 10 11 12 13 |
---------------+----------------------------------------+-----
Axes           | 3 4 5 6 8 9 11 13 14 15 | 15.7
Fighting       | 4 5 6 8 10 11 12 | 12.0
Armour         | 4 5 7 8 9 |  9.3
Shields        | 4 5 8 10 12 | 12.8
Invocations    | 3 4 |  4.0
Spellcasting   | 2 4 5 |  5.9

Action                   |  1- 3 |  4- 6 |  7- 9 | 10-12 | 13-15 || total
-------------------------+-------+-------+-------+-------+-------++-------
Melee: War axe           |    53 |    96 |       |       |       ||   149
       Hand axe          |       |    37 |   296 |   848 |    90 ||  1271
       Morningstar       |       |       |       |     7 |       ||     7
Invok: Divine Shield     |       |       |       |     1 |       ||     1
  Use: Scroll            |       |       |     4 |    18 |     1 ||    23
       Potion            |       |       |     2 |     4 |       ||     6
Armor: Scale mail        |    32 |    70 |    49 |    17 |       ||   168
       Acid dragon scale |       |       |       |    69 |    18 ||    87
Dodge: Dodged            |    28 |    47 |    68 |   179 |    27 ||   349
Block: Buckler           |    12 |    30 |    10 |       |       ||    52
       Kite shield       |       |       |    94 |   523 |    73 ||   690
       Reflection        |       |       |     2 |    25 |     4 ||    31

Table legend: (Time is in decaauts)
 A = Elapsed time spent in this place.
 B = Non-inter-level travel time spent in this place.
 C = Inter-level travel time spent in this place.
 D = Time resting spent in this place.
 E = Time spent auto-exploring this place.
 F = Levels seen in this place.
 G = Mean time per level.
                   A        B        C        D        E       F      G
               +--------+--------+--------+--------+--------+-----+--------+
         Total |  18066 |  17323 |    743 |   4248 |  10609 |  14 | 1290.4 |
       Dungeon |  18048 |  17310 |    738 |   4248 |  10599 |  13 | 1388.3 |
        Temple |     17 |     12 |      5 |      0 |     10 |   1 |   17.0 |
               +--------+--------+--------+--------+--------+-----+--------+

Top non-repeatable levels by time:
    D:12: 1976 daAuts
    D:13: 1943 daAuts
    D:11: 1892 daAuts
     D:6: 1542 daAuts
    D:10: 1421 daAuts
     D:5: 1357 daAuts
     D:9: 1341 daAuts
     D:3: 1317 daAuts
     D:8: 1292 daAuts
     D:4: 1149 daAuts
     D:2: 1087 daAuts
     D:1: 922 daAuts
     D:7: 805 daAuts
  Temple: 17 daAuts
